AoeStats
← jose.ediaz1993

Hideout

509202594Analyzed
1v1 RM · 8d ago on Sep 25, 2026· 84m 49s· 2 players
Game mode
Random Map
Map size
Tiny (2 player)
Population
200
Speed
Normal
Resources
Standard
Victory
Conquest
Starting age
Dark Age
Ending age
Imperial Age
RankedLock teamsTeams togetherTeam positionsShared explorationLock speedFull tech treeHidden civsTurbo modeCheats
Victory
Defeat
🇨🇴 Inca · Colombia
239
+15
🇵🇪 Teutons · Peru
216
-15
xd
6:46 Loom
14:16 Feudal Age
14:49 Town Watch
16:05 Double-Bit Axe
18:44 Horse Collar
20:04 Wheelbarrow
22:38 Castle Age
21:20 Stone Mining
21:21 Gold Mining
25:24 Hand Cart
25:10 Town Patrol
26:28 Fervor
26:39 Sanctity
29:36 Redemption
34:20 Ballistics
34:11 Masonry
38:50 Imperial Age
36:41 Forging
36:37 Scale Barding Armor
37:07 Bow Saw
38:13 Heavy Plow
39:19 Stone Shaft Mining
39:21 Ironclad
39:13 Scale Mail Armor
39:49 Iron Casting
41:06 Conscription
40:09 Elite Teutonic Knight
42:17 Chemistry
42:33 Blast Furnace
41:49 Chain Mail Armor
45:15 Two-Man Saw
48:27 Plate Mail Armor
51:47 Crop Rotation
58:46 Onager
61:41 Siege Onager
70:12 Heavy Scorpion
jose.ediaz1993
12:43 Feudal Age
13:59 Double-Bit Axe
13:58 Horse Collar
14:13 Gold Mining
14:13 Stone Mining
24:41 Wheelbarrow
27:12 Castle Age
26:22 Fletching
26:35 Padded Archer Armor
27:27 Crossbowman
28:15 Thumb Ring
27:46 Pikeman
28:27 Squires
28:15 Arson
28:53 Elite Skirmisher
30:35 Bodkin Arrow
33:47 Heavy Plow
36:09 Gold Shaft Mining
40:10 Imperial Age
39:29 Forging
39:22 Scale Mail Armor
39:42 Leather Archer Armor
41:22 Stone Shaft Mining
41:01 Bow Saw
41:25 Conscription
40:59 Arbalester
43:13 Halberdier
43:34 Heavy Scorpion
45:53 Elite Kamayuk
48:23 Murder Holes
49:30 Chemistry
48:51 Ballistics
48:15 Treadmill Crane
48:43 Siege Engineers
53:43 Bracer
54:19 Iron Casting
Connection lost

Rejoining the realm…

Still unreachable

The connection could not be restored.

Session expired

The server has moved on; the page needs a fresh start.